 Dungeon Crawl Stone Soup version 0.30.0-29-ga12c61a403 (webtiles) character file.

Game seed: 310264911962302011

1700 cheesebisquit the Slasher (level 9, 0/68 HPs)
             Began as a Barachi Warper on June 4, 2023.
             Was a Believer of Cheibriados.
             Slain by a hornet (9 damage)
             ... while paralysed by a hornet
             ... on level 7 of the Dungeon.
             The game lasted 00:19:43 (6990 turns).

cheesebisquit the Slasher (Barachi Warper)          Turns: 6990, Time: 00:19:43

Health: 0/68       AC: 13    Str: 23    XL:     9   Next: 3%
Magic:  15/15      EV:  2    Int: 18    God:    Cheibriados [**....]
Gold:   186        SH:  0    Dex: 19    Spells: 7/17 levels left

rFire   . . .        i - +0 long sword
rCold   . . .        (no shield)
rNeg    . . .        n - +0 chain mail
rPois   .            q - +0 hat
rElec   .            s - +0 cloak
rCorr   .            a - +0 pair of gloves
SInv    .            y - +0 pair of boots
Will    .....        (no amulet) Stlth
                     v - +6 ring of strength
HPRegen 0.31/turn    (no ring)
MPRegen 0.14/turn

%: no passive effects
@: paralysed, lethally poisoned (0 -> -7), slowed, very slow
A: amphibious, slowness 1, strong legs 1, +LOS
a: Hop, Renounce Religion, Bend Time


You were on level 7 of the Dungeon.
You worshipped Cheibriados.
Cheibriados was pleased with you.
You visited 1 branch of the dungeon, and saw 7 of its levels.

You collected 246 gold pieces.
You spent 60 gold pieces at shops.

Inventory:

Hand Weapons
 i - a +0 long sword (weapon)
 u - a +1 antimagic short sword
 x - a +0 heavy sling
 B - a +3 sling
Missiles
 d - 6 boomerangs of dispersal (quivered)
 H - a curare-tipped dart
Armour
 a - a +0 pair of gloves (worn)
 n - a +0 chain mail (worn)
 q - a +0 hat (worn)
 s - a +0 cloak (worn)
 y - a +0 pair of boots (worn)
Jewellery
 v - a +6 ring of strength (left hand)
Wands
 z - a wand of mindburst (9)
Scrolls
 b - a scroll of enchant weapon {unknown}
 c - a scroll of blinking
 g - 5 scrolls of teleportation
 j - a scroll of amnesia {unknown}
 k - a scroll of summoning {unknown}
 m - 2 scrolls of fear
 o - a scroll of enchant armour {unknown}
 t - a scroll of brand weapon {unknown}
 w - a scroll of magic mapping {unknown}
 D - a scroll of vulnerability {unknown}
 E - 2 scrolls of immolation {unknown}
Potions
 e - 2 potions of cancellation
 f - a potion of lignification
 h - 3 potions of haste
 l - 2 potions of curing
 p - 2 potions of degeneration
 r - 2 potions of mutation
 A - a potion of attraction {unknown}
 C - a potion of resistance {unknown}
 F - a potion of flight {unknown}
 G - a potion of experience {unknown}


   Skills:
 + Level 5.2 Fighting
 * Level 7.5 Long Blades
 - Level 1.0 Throwing
 + Level 4.9 Armour
 + Level 5.0 Dodging
 - Level 2.0 Stealth
 + Level 4.6 Spellcasting
 + Level 5.6 Translocations


You had 7 spell levels left.
You knew the following spells:

 Your Spells              Type           Power      Damage    Failure   Level
a - Blink                 Tloc           48%        N/A       12%         2
b - Lesser Beckoning      Tloc           48%        N/A       12%         2
c - Teleport Other        Tloc           24%        N/A       22%         3
d - Vhi's Electric Charg  Tloc/Air       28%        N/A       58%         3

Your spell library contained the following spells:

 Spells                   Type           Power      Damage    Failure   Level
 Manifold Assault         Tloc           24%        N/A       58%         4
 Simulacrum               Ice/Necr       2%         N/A       100%        6
 Malign Gateway           Summ/Tloc      7%         N/A       100%        7
 Ozocubu's Refrigeration  Ice            2%         4d7       100%        7
 Summon Horrible Things   Summ           2%         N/A       100%        8
 Polar Vortex             Ice            2%         N/A       100%        9


Dungeon Overview and Level Annotations

Branches:
Dungeon (7/15)
 Temple: D:4-7

Altars:
Cheibriados
Qazlal
Ru
Trog
Uskayaw
Wu Jian

Shops:
D:3 *


Innate Abilities, Weirdness & Mutations

You are amphibious.
You cover ground slowly.
You can hop short distances.
You have an extended range of vision and can be seen from far away.


Message History

You feel as though you will be slow longer.
You closely miss the hornet. The hornet stings you.
You feel as though you will be slow longer.
The hornet stings you but does no damage.
The hornet stings you.
You are poisoned.
You feel as though you will be slow longer.
A - a green potion You feel very sick.
The hornet stings you!
You are more poisoned.
You feel as though you will be slow longer.
The hornet stings you but does no damage.
You feel better. The hornet stings you.
You are poisoned.
You feel as though you will be slow longer.
The hornet stings you but does no damage.
You barely miss the hornet.
You feel very sick. The hornet barely misses you. The hornet stings you.
You feel as though you will be slow longer.
The hornet barely misses you.
You feel better. The hornet stings you.
You feel as though you will be slow longer.
The hornet barely misses you.
You miss the hornet. The hornet stings you!
You are poisoned.
You feel as though you will be slow longer.
The hornet stings you!
You feel as though you will be slow longer.
You feel better. The hornet stings you.
You feel as though you will be slow longer.
The hornet stings you.
You suddenly lose the ability to move!
The hornet stings you!
* * * LOW HITPOINT WARNING * * *
You are poisoned.
You shrug off the repeated paralysis!
* * * LOW HITPOINT WARNING * * *
You feel sick. The hornet stings you!
You die...

. #.####.###..# #.
#(#......#..#
#.###...........#
#...#.####.#.##...#
#....<...#...####
#.....##.#.#.#
#..#..##.# ...#
#...y.##.# # ##
#...#@###.# #...#.#
#.# #.. ... ..#
#...##.##.# #... .#
.# ### ##


You could see a hornet.

Vanquished Creatures
  Sigmund (D:4)
  A steam dragon (D:6)
  A water moccasin (D:7)
  An ice beast (D:6)
  A black bear (D:7)
  An ogre (D:6)
  A centaur (D:7)
  3 phantoms
  A kobold brigand (D:7)
  A scorpion (D:3)
  An electric eel (D:6)
  2 howler monkeys (D:6)
  2 hounds
  2 orc priests (D:7)
  2 jellies
  2 iguanas
  2 orc wizards
  2 gnolls (D:6)
  3 adders
  A white imp (D:5)
  An ufetubus (D:4)
  2 worms
  13 dart slugs
  16 orcs
  6 ball pythons
  11 bats
  5 endoplasms
  3 giant cockroaches
  11 hobgoblins
  4 quokkas
  3 frilled lizards
  12 goblins
  10 kobolds
  3 rats
131 creatures vanquished.

Vanquished Creatures (others)
  A gnoll (D:6)
  A dart slug (D:6)
2 creatures vanquished.

Grand Total: 133 creatures vanquished

Notes
Turn   | Place    | Note
-------+----------+-------------------------------------------
     0 | D:1      | cheesebisquit the Barachi Warper began the quest for the
                  | Orb.
     0 | D:1      | Reached XP level 1. HP: 17/17 MP: 3/3
     2 | D:1      | Noticed a troll
     4 | D:1      | Noticed an armataur
     6 | D:1      | Noticed a ghoul
     6 | D:1      | Noticed a minotaur
     8 | D:1      | Noticed a spriggan
     8 | D:1      | Noticed an elf
    10 | D:1      | Noticed a felid
    10 | D:1      | Noticed a merfolk
    12 | D:1      | Noticed a vine stalker
    12 | D:1      | Noticed an ogre
    14 | D:1      | Noticed a tengu
    14 | D:1      | Noticed a formicid
    16 | D:1      | Noticed a draconian
    16 | D:1      | Noticed a gargoyle
    18 | D:1      | Noticed a demonspawn
    18 | D:1      | Noticed a vampire
    20 | D:1      | Noticed a naga
    20 | D:1      | Noticed an octopode
    22 | D:1      | Noticed a demigod
    22 | D:1      | Noticed a meteoran
    24 | D:1      | Noticed a human
    26 | D:1      | Noticed a demonspawn
   168 | D:1      | Reached XP level 2. HP: 23/23 MP: 5/5
   360 | D:1      | Reached skill level 3 in Long Blades
   441 | D:1      | Reached XP level 3. HP: 28/28 MP: 6/6
  1108 | D:2      | Reached XP level 4. HP: 34/34 MP: 7/7
  1161 | D:2      | Reached skill level 1 in Stealth
  1930 | D:3      | Found a bloodstained altar of Trog.
  2155 | D:3      | Found Ogunucsi's General Store.
  2190 | D:3      | Bought a potion of heal wounds for 60 gold pieces
  2579 | D:3      | Reached XP level 5. HP: 24/40 MP: 7/9
  2700 | D:4      | Noticed Sigmund
  2901 | D:3      | Reached skill level 4 in Long Blades
  3241 | D:4      | Killed Sigmund
  3242 | D:4      | Reached XP level 6. HP: 33/47 MP: 10/10
  3245 | D:4      | Learned a level 2 spell: Blink
  3248 | D:4      | Learned a level 2 spell: Lesser Beckoning
  3252 | D:4      | Learned a level 3 spell: Teleport Other
  3256 | D:4      | Learned a level 3 spell: Vhi's Electric Charge
  3353 | D:4      | Reached skill level 5 in Long Blades
  3353 | D:4      | Reached XP level 7. HP: 45/52 MP: 11/11
  3608 | D:4      | Found an ornate altar of the Wu Jian Council.
  3849 | D:4      | Found a snail-covered altar of Cheibriados.
  4045 | D:4      | Became a worshipper of Cheibriados the Contemplative
  4066 | D:5      | Entered Level 5 of the Dungeon
  4361 | D:5      | Noticed a steam dragon
  4584 | D:5      | Found a stormy altar of Qazlal.
  5723 | D:6      | Reached skill level 6 in Long Blades
  5723 | D:6      | Reached XP level 8. HP: 52/60 MP: 13/13
  5735 | D:6      | Reached * piety under Cheibriados
  5890 | D:6      | Reached skill level 5 in Translocations
  6117 | D:6      | Found a sacrificial altar of Ru.
  6338 | D:7      | Reached skill level 7 in Long Blades
  6364 | D:7      | Reached skill level 5 in Fighting
  6624 | D:7      | Found a hide-covered altar of Uskayaw.
  6649 | D:7      | Reached ** piety under Cheibriados
  6857 | D:7      | Reached skill level 5 in Dodging
  6857 | D:7      | Reached XP level 9. HP: 52/68 MP: 15/15
  6933 | D:7      | Identified the +8 quarterstaff "Jegie" {flame, Will+}
  6974 | D:7      | Noticed a hornet
  6989 | D:7      | Paralysed by a hornet for 2 turns
  6990 | D:7      | Slain by a hornet

Illustrated notes

Levels and vault maps discovered:
D:1:      kb_arrival_jail, layout_basic, minmay_pentomino_z2
D:2:      layout_loops_ring
D:3:      layout_basic, trog_antimagical, serial_forest,
          infiniplex_forest_zigzag_1, infiniplex_forest_end_1,
          infiniplex_forest_clump_medium, infiniplex_forest_corner_1,
          serial_shops, shop
D:4:      layout_cave_pools, lemuel_tele_altar, nicolae_overflow_hidden_temple,
          kennysheep_opposing_triangles, uniq_sigmund
D:5:      layout_cave_pods, mainiacjoe_overflow_alcove_4, lightli_corner_chamber
D:6:      kennysheep_slugbush, layout_basic, mainiacjoe_overflow_small_starburst
D:7:      layout_basic, general_overflow_altar, minmay_temple_entry_poolview

Skill      XL: |  1  2  3  4  5  6  7  8 |
---------------+-------------------------+-----
Long Blades    | 3 4 5 6 7 |  7.5
Stealth        | 1 2 |  2.0
Armour         | 2 3 4 |  4.9
Fighting       | 3 4 5 |  5.2
Dodging        | 3 4 5 |  5.0
Spellcasting   | 3 4 |  4.6
Translocations | 4 5 |  5.6
Throwing       | |  1.0

Action                     |  1- 3 |  4- 6 |  7- 9 || total
---------------------------+-------+-------+-------++-------
  Melee: Falchion          |   121 |   149 |       ||   270
         Punch             |     2 |     4 |     5 ||    11
         Long sword        |       |    36 |   266 ||   302
  Throw: Dart              |       |       |     4 ||     4
         Boomerang         |       |       |     1 ||     1
    Use: Scroll            |       |     5 |     4 ||     9
         Potion            |       |     2 |     5 ||     7
 Armour: Leather armour    |    38 |       |       ||    38
         Chain mail        |    24 |   111 |   213 ||   348
  Dodge: Dodged            |    99 |    50 |   146 ||   295
